 Dungeon Crawl Stone Soup version 0.31-a0-846-gb3bcc0d938 (webtiles) character file.

Game seed: 16735124228164417954

3721 Revguard the Covert (level 9, -1/99 HPs)
             Began as a Vampire Necromancer on Oct 4, 2023.
             Was a Follower of Kikubaaqudgha.
             Slain by a gnoll sergeant
             ... wielding a +1 spear of venom
              (5 damage)
             ... on level 8 of the Dungeon.
             The game lasted 00:26:30 (6833 turns).

Revguard the Covert (Vampire Necromancer)           Turns: 6833, Time: 00:26:31

Health: -1/99      AC: 28    Str:  9    XL:     9   Next: 92%
Magic:  6/16       EV:  2    Int: 17    God:    Kikubaaqudgha [*.....]
Gold:   82         SH:  0    Dex: 17    Spells: 7/17 levels left

rFire   . . .        c - +0 rapier (venom)
rCold   . . .        (no shield)
rNeg    . . .        s - melded +2 steam dragon scales
rPois   +            k - melded +1 helmet {Int+3}
rElec   .            d - melded +0 cloak
rCorr   .            (gloves currently unavailable)
SInv    +            j - melded +0 pair of boots
Will    .....        (no amulet)
Stlth   ++++         g - +4 ring of protection
HPRegen 0.56/turn    h - ring of wizardry
MPRegen 0.15/turn

%: wizardry (x1)
@: lethally poisoned (-1 -> -17), tree-form, animating dead, healing quickly,
slowed, studying Throwing, very slow
A: stationary, stasis, torment immunity, boosted hp, alive, (fangs 3), see
invisible, vampiric 2
a: Exsanguinate, Renounce Religion, Unearth Wretches


You were on level 8 of the Dungeon.
You worshipped Kikubaaqudgha.
Kikubaaqudgha was aware of your devotion.
You were a tree.
You visited 2 branches of the dungeon, and saw 9 of its levels.

You collected 452 gold pieces.
You spent 370 gold pieces at shops.

Inventory:

Hand Weapons
 c - a +0 rapier of venom (weapon)
 l - a +3 dagger of venom
Missiles
 p - a throwing net
Armour
 d - a +0 cloak (melded)
 j - a +0 pair of boots (melded)
 k - a +1 helmet of intelligence (melded)
 s - +2 steam dragon scales (melded)
Jewellery
 a - an amulet of faith
 g - a +4 ring of protection (left branch)
 h - a ring of wizardry (right branch)
 o - a +4 ring of protection
Wands
 n - a wand of light (4)
 w - a wand of paralysis (13)
Scrolls
 f - a scroll of vulnerability
 i - a scroll of noise
 q - a scroll of teleportation
 t - a scroll of identify
 u - a scroll of poison
 v - a scroll of brand weapon
Potions
 b - 2 potions of magic
 m - a potion of attraction
 r - a potion of haste
 x - a potion of heal wounds {unknown}


   Skills:
 + Level 4.4 Fighting
 + Level 5.5 Short Blades
 + Level 4.0 Armour
 + Level 5.9 Dodging
 + Level 8.2 Stealth
 + Level 4.9 Spellcasting
 + Level 6.8 Hexes
 + Level 7.0 Necromancy


You had 7 spell levels left.
You knew the following spells:

 Your Spells              Type           Power      Damage    Failure   Level
a - Necrotise             Necr           100%       1d9       1%          1
b - Vampiric Draining     Necr           28%        2d8       1%          3
c - Animate Dead          Necr           28%        N/A       3%          4
d - Sublimation of Blood  Necr           28%        N/A       1%          2

Your spell library contained the following spells:

 Spells                   Type           Power      Damage    Failure   Level
 Kiss of Death            Conj/Necr      64%        2d10      1%          1
 Agony                    Necr           28%        N/A       9%          5
 Vhi's Electric Charge    Tloc/Air       8%         N/A       47%         4
 Arcjolt                  Conj/Air       2%         1d12      82%         5
 Plasma Beam              Fire/Air       2%         2x1d12    100%        6


Dungeon Overview and Level Annotations

Branches:
Dungeon (8/15)             Temple (1/1) D:7            Lair (0/5) D:8

Altars:
Ashenzari
Cheibriados
Dithmenos
Fedhas
Gozag
Hepliaklqana
Kikubaaqudgha
Makhleb
Nemelex Xobeh
Okawaru
Qazlal
Ru
Sif Muna
Trog
Vehumet
Wu Jian
Xom
Yredelemnul

Shops:
D:1 [   D:6 *[?(   D:7 :


Innate Abilities, Weirdness & Mutations

You are a tree.
Your roots penetrate the ground, keeping you stationary.
You cannot be teleported.
You are immune to unholy pain and torment.
Your maximum health is greatly increased.
Your equipment is partially melded.
Your natural rate of healing is accelerated.
((You have razor-sharp teeth.))
You have supernaturally acute eyesight. (SInv)
You are afflicted with vampirism and can become a bat while bloodless.


Message History

You are more poisoned.
Your gnoll zombie hits the kobold but does no damage.
You hit the kobold brigand.
The kobold brigand is poisoned.
The kobold brigand is lightly wounded.
* * * LOW HITPOINT WARNING * * *
You feel extremely sick.
Your kobold zombie barely misses the gnoll sergeant.
Your gnoll zombie hits the kobold brigand.
The kobold hits your gnoll zombie with a +0 whip.
Something hits your gnoll zombie.
The kobold brigand hits you with a +0 club.
* * * LOW HITPOINT WARNING * * *
The kobold misses you.
The gnoll sergeant hits you from afar with a +1 spear of venom.
* * * LOW HITPOINT WARNING * * *
You are more poisoned.
The kobold brigand barely misses you.
The kobold hits your gnoll zombie with a +0 whip.
Your gnoll zombie is destroyed!
Your gnoll zombie barely misses the kobold brigand.
Your orc zombie hits the kobold but does no damage.
Your orc wizard zombie hits the kobold but does no damage.
Your kobold zombie closely misses the gnoll sergeant.
Okay, then.
You turn into a tree.
Your +0 cloak melds into your body.
Your +1 helmet of intelligence melds into your body.
Your +0 pair of boots melds into your body.
Your +2 steam dragon scales melds into your body.
You feel stupid.
Your roots penetrate the ground.
* * * LOW HITPOINT WARNING * * *
You feel extremely sick.
The kobold brigand hits you but does no damage.
The kobold barely misses your gnoll zombie.
Your gnoll zombie completely misses the kobold brigand.
Something hits your gnoll zombie.
Your gnoll zombie is destroyed!
The gnoll sergeant hits you from afar with a +1 spear of venom.
You die...
Kikubaaqudgha rasps: "You have failed me!
Welcome... death!"

#######Z#
#....Z..#
#.#######
#.# #.# #.#
#.# ###.#
#ZK♣#
#.#KKKK...#
#.)ZKg)....
#..Z..Z....
##....K....
#.........
#.........
#.........


You could see 2 kobold brigands, a gnoll sergeant, 5 kobolds, a friendly gnoll
zombie, a friendly kobold zombie, a friendly orc zombie and a friendly orc
wizard zombie.

Vanquished Creatures
  Maggie (D:6)
  An unseen horror (D:8)
  Jeremiah (D:8)
  Grinder (D:3)
  A wyvern (D:5)
  Eustachio (D:4)
  Menkaure (D:6)
  Duvessa (D:6)
  3 black bears
  2 ogres (D:7)
  A centaur (D:5)
  2 phantoms
  2 kobold brigands
  A bullfrog (D:7)
  3 gnoll sergeants
  2 scorpions
  Dowan (D:6)
  4 hounds
  2 jellies
  2 gnoll boudas
  2 orc priests
  A sleepcap (D:7)
  3 iguanas
  3 orc wizards
  Terence (D:3)
  8 adders
  15 gnolls
  A white imp (D:6)
  3 worms
  2 dart slugs
  23 orcs
  3 endoplasms
  5 giant cockroaches
  7 goblins
  9 hobgoblins
  A jackal (D:2)
  5 quokkas
  7 ball pythons
  6 bats
  4 frilled lizards
  20 kobolds
  3 rats
165 creatures vanquished.

Vanquished Creatures (collateral kills)
  A black bear (D:4)
  A jelly (D:4)
  An iguana (D:4)
  A shadow imp (D:5)
  An ufetubus (D:6)
  4 orcs (D:7)
  An endoplasm (D:4)
  3 kobolds
  A ball python (D:2)
14 creatures vanquished.

Vanquished Creatures (others)
  An adder zombie (D:5)
  6 gnoll zombies
  2 goblin zombies (D:4)
  9 kobold zombies
  4 orc zombies
22 creatures vanquished.

Grand Total: 201 creatures vanquished

Notes
Turn   | Place    | Note
-------+----------+-------------------------------------------
     0 | D:1      | Revguard the Vampire Necromancer began the quest for the
                  | Orb.
     0 | D:1      | Reached XP level 1. HP: 13/13 MP: 3/3
   263 | D:1      | Reached XP level 2. HP: 19/19 MP: 5/5
   352 | D:1      | Found Essol's Armour Emporium.
   448 | D:1      | Reached skill level 1 in Hexes
   500 | D:1      | Found a faded altar of an unknown god.
  1017 | D:2      | Reached skill level 1 in Short Blades
  1049 | D:2      | Gained mutation: You are afflicted with vampirism and can
                  | become a bat while bloodless. [Vampire growth]
  1049 | D:2      | Reached XP level 3. HP: 25/25 MP: 2/6
  1077 | D:2      | Learned a level 3 spell: Vampiric Draining
  1976 | D:3      | Reached XP level 4. HP: 21/31 MP: 5/7
  2048 | D:3      | Found a sparkling altar of Nemelex Xobeh.
  2186 | D:3      | Reached skill level 1 in Fighting
  2224 | D:3      | Reached skill level 1 in Armour
  2338 | D:3      | Noticed Grinder
  2339 | D:3      | Noticed Terence
  2360 | D:3      | Killed Terence
  2361 | D:3      | Reached skill level 4 in Stealth
  2361 | D:3      | Reached XP level 5. HP: 14/29 MP: 4/8
  2371 | D:3      | Paralysed by Grinder for 3 turns
  2380 | D:3      | Paralysed by Grinder for 4 turns
  2400 | D:3      | Killed Grinder
  2401 | D:3      | Reached skill level 5 in Necromancy
  2401 | D:3      | Reached XP level 6. HP: 9/35 MP: 7/10
  2657 | D:1      | Bought a +1 helmet of intelligence for 165 gold pieces
  2992 | D:3      | Learned a level 4 spell: Animate Dead
  3147 | D:4      | Reached XP level 7. HP: 40/45 MP: 11/11
  3178 | D:4      | Reached skill level 5 in Stealth
  3385 | D:4      | Noticed Eustachio
  3407 | D:4      | Killed Eustachio
  3651 | D:5      | Entered Level 5 of the Dungeon
  3798 | D:5      | Found a large runed translucent door.
  3823 | D:5      | Found a large runed translucent door.
  3881 | D:5      | Found a stormy altar of Qazlal.
  3980 | D:5      | Noticed a wyvern
  3986 | D:5      | Reached XP level 8. HP: 37/57 MP: 8/13
  3989 | D:5      | Reached skill level 6 in Stealth
  4342 | D:5      | Found a sacrificial altar of Ru.
  4355 | D:5      | Found a hazy altar of Hepliaklqana.
  4555 | D:6      | Reached skill level 5 in Hexes
  4749 | D:6      | Found Ehec's Magic Scroll Shoppe.
  4752 | D:6      | Bought 3 scrolls of identify for 78 gold pieces
  4752 | D:6      | Bought a scroll of teleportation for 39 gold pieces
  4842 | D:6      | Found Xocaab Kouhe's General Store.
  4894 | D:6      | Noticed Maggie
  4908 | D:6      | Killed Maggie
  5047 | D:6      | Noticed Duvessa
  5049 | D:6      | Noticed Dowan
  5052 | D:6      | Killed Dowan
  5053 | D:6      | Reached XP level 9. HP: 64/64 MP: 15/15
  5055 | D:6      | Noticed Menkaure
  5062 | D:6      | Killed Duvessa
  5063 | D:6      | Reached skill level 5 in Dodging
  5063 | D:6      | Reached skill level 7 in Stealth
  5091 | D:6      | Killed Menkaure
  5215 | D:6      | Found a shimmering altar of Xom.
  5278 | D:6      | Found Seykyam's Armour Shop.
  5345 | D:6      | Found Kunkit's Weapon Shop.
  5359 | D:6      | Bought a +0 rapier of venom for 88 gold pieces
  5584 | D:7      | Found a staircase to the Ecumenical Temple.
  5725 | Temple   | Entered the Ecumenical Temple
  5868 | D:7      | Reached skill level 5 in Short Blades
  5996 | D:7      | Found an ancient bone altar of Kikubaaqudgha.
  5996 | D:7      | Found a blossoming altar of Fedhas.
  6002 | D:7      | Became a worshipper of Kikubaaqudgha
  6128 | D:7      | Found Wodd's Book Shop.
  6555 | D:8      | Noticed an unseen horror
  6562 | D:8      | Killed an unseen horror
  6577 | D:8      | Reached skill level 8 in Stealth
  6629 | D:8      | Found a staircase to the Lair.
  6670 | D:8      | Noticed Jeremiah
  6712 | D:8      | Killed Jeremiah
  6712 | D:8      | Reached * piety under Kikubaaqudgha
  6712 | D:8      | Received a gift from Kikubaaqudgha
  6723 | D:8      | Learned a level 2 spell: Sublimation of Blood
  6833 | D:8      | HP: 4/99 [poisoned by a gnoll sergeant]
  6833 | D:8      | Slain by a gnoll sergeant

Illustrated notes

Levels and vault maps discovered:
D:1:      minmay_arrival_glassed_features, layout_loops_cross,
          chequers_ecumenical_altar_grove, serial_shops,
          nicolae_shop_back_alley_shop
D:2:      layout_basic, st_stairs_11, minmay_ruptured
D:3:      layout_rooms, nemelex_diamond_rough_becter, uniq_terence, uniq_grinder
D:4:      layout_cave_pools, minmay_goblin_outpost, uniq_eustachio
D:5:      layout_cave_pools, jmf_multi_god_temple2,
          mainiacjoe_overflow_cross_hatched, minmay_manual_monstrance
D:6:      layout_basic, mainiacjoe_overflow_alcove_4, serial_shops,
          nicolae_shop_rolled_up, shop, shop, nicolae_shop_tiny_statue_garden,
          uniq_maggie, uniq_duvessa, uniq_menkaure
D:7:      layout_loops_corners, grunt_temple_overflow_growth_and_decay,
          minmay_temple_entry_steel_oval, serial_shops,
          nicolae_shop_window_shopping
D:8:      layout_loops_ring, lair_entry_dummy, nicolae_grassy_gnolls,
          uniq_jeremiah
Temple:   eino_temple_water

Skill      XL: |  1  2  3  4  5  6  7  8  9 |
---------------+----------------------------+-----
Hexes          | 1 2 3 4 5 6 |  6.8
Short Blades   | 1 2 3 4 5 |  5.5
Fighting       | 1 2 3 4 |  4.4
Armour         | 1 2 3 4 |  4.0
Stealth        | 4 5 6 8 |  8.2
Dodging        | 3 4 5 |  5.9
Necromancy     | 5 6 7 |  7.0
Spellcasting   | 3 4 |  4.9

Action                     |  1- 3 |  4- 6 |  7- 9 || total
---------------------------+-------+-------+-------++-------
  Melee: Dagger            |    93 |   114 |   258 ||   465
         Unarmed           |     6 |       |       ||     6
         Bite              |    10 |    21 |    53 ||    84
         Punch             |     1 |     1 |     9 ||    11
         Rapier            |       |       |   148 ||   148
   Cast: Necrotise         |    30 |     6 |     4 ||    40
         Animate Dead      |       |     1 |     9 ||    10
         Vampiric Draining |       |     1 |    14 ||    15
Ability: Exsanguinate      |       |     1 |     1 ||     2
         Revivify          |       |     1 |     1 ||     2
  Evoke: Wand              |       |       |    10 ||    10
    Use: Scroll            |     4 |     1 |     8 ||    13
         Potion            |       |     3 |     5 ||     8
   Stab: Sleeping          |     5 |     2 |     6 ||    13
         Distracted        |       |       |     3 ||     3
         Paralysed         |       |       |     1 ||     1
 Armour: Robe              |    23 |       |       ||    23
         Ring mail         |    41 |    75 |   167 ||   283
         Steam dragon scal |       |       |   166 ||   166
         Skin              |       |       |     2 ||     2
  Dodge: Dodged            |    69 |    56 |   293 ||   418

Table legend: (Time is in decaauts)
 A = Elapsed time spent in this place.
 B = Non-inter-level travel time spent in this place.
 C = Inter-level travel time spent in this place.
 D = Time resting spent in this place.
 E = Time spent auto-exploring this place.
 F = Levels seen in this place.
 G = Mean time per level.
                   A        B        C        D        E       F      G
               +--------+--------+--------+--------+--------+-----+--------+
         Total |   6759 |   6321 |    438 |    389 |   4372 |   9 |  751.0 |
       Dungeon |   6719 |   6292 |    427 |    389 |   4372 |   8 |  839.9 |
        Temple |     39 |     29 |     10 |      0 |      0 |   1 |   39.0 |
               +--------+--------+--------+--------+--------+-----+--------+

Top non-repeatable levels by time:
     D:6: 1039 daAuts
     D:1: 1012 daAuts
     D:2: 1011 daAuts
     D:7: 1003 daAuts
     D:3: 993 daAuts
     D:5: 726 daAuts
     D:4: 612 daAuts
     D:8: 319 daAuts
  Temple: 39 daAuts
